 Dungeon Crawl Stone Soup version 0.28.0 (webtiles) character file.

Game seed: 4811032512375558906

35 crazypyro the Chopper (level 3, 0/49 HPs)
             Began as a Hill Orc Berserker on Feb 10, 2022.
             Was a Follower of Trog.
             Succumbed to an adder's poison
             ... on level 2 of the Dungeon.
             The game lasted 00:01:05 (1389 turns).

crazypyro the Chopper (Hill Orc Berserker)          Turns: 1389, Time: 00:01:06

Health: 0/49       AC:  2    Str: 21    XL:     3   Next: 33%
Magic:  3/3        EV: 12    Int:  7    God:    Trog [*.....]
Gold:   40         SH:  0    Dex: 10    Spells: 2/2 levels left

rFire   . . .      SeeInvis .   a - +0 hand axe
rCold   . . .      Faith    .   (no shield)
rNeg    . . .      Spirit   .   b - +0 animal skin
rPois   .          Reflect  .   (no helmet)
rElec   .          Harm     .   (no cloak)
rCorr   .          Rampage  .   (no gloves)
Will    .....                   (no boots)
Stlth   ..........              (no amulet)
HPRegen 0.16/turn               (no ring)
MPRegen 0.08/turn               (no ring)

@: berserking, lethally poisoned (0 -> -1), very quick
A: no striking features
a: Renounce Religion, Berserk


You were on level 2 of the Dungeon.
You worshipped Trog.
Trog was aware of your devotion.
You visited 1 branch of the dungeon, and saw 2 of its levels.

You collected 40 gold pieces.

Inventory:

Hand Weapons
 a - a +0 hand axe (weapon)
Armour
 b - a +0 animal skin (worn)
Scrolls
 c - a scroll of fear {unknown}
 d - a scroll of torment {unknown}
 e - a scroll of enchant armour {unknown}
Potions
 f - a potion of brilliance {unknown}


   Skills:
 - Level 3.6 Fighting
 * Level 5.2 Axes
 - Level 2.2 Armour
 + Level 2.1 Dodging


You had 2 spell levels left.
You didn't know any spells.
Your spell library was empty.

Dungeon Overview and Level Annotations

Branches:
Dungeon (2/15)

Altars:

Shops:
D:1 (


Message History

You feel stronger. x2
The adder misses you.
You closely miss the adder. The adder barely misses you. The adder bites you.
You are poisoned.
The adder poisons you!
You hit the adder but do no damage.
You feel sick. The adder bites you.
You hit the adder.
The adder is moderately wounded.
You feel sick. The adder bites you.
You are more poisoned.
The adder poisons you!
You miss the adder.
The adder is moderately wounded.
* * * LOW HITPOINT WARNING * * *
You feel sick. The adder barely misses you. The adder closely misses you.
You barely miss the adder.
The adder is moderately wounded.
* * * LOW HITPOINT WARNING * * *
You feel sick. The adder misses you.
You hit the adder.
The adder is almost dead.
You feel sick. The adder bites you but does no damage.
You miss the adder.
The adder is almost dead.
You feel sick. The adder closely misses you. The adder bites you.
* * * LOW HITPOINT WARNING * * *
A red film seems to cover your vision as you go berserk!
You feel yourself moving faster!
You feel mighty!
* * * LOW HITPOINT WARNING * * *
You feel sick. The adder barely misses you.
You slash the adder!
You kill the adder!
Trog accepts your kill.
* * * LOW HITPOINT WARNING * * *
You feel sick.
Unknown command.
You slash the orc!
You kill the orc!
Trog accepts your kill.
You die...

##### ....#############
###.####........<....#######
.............#.#........(..#
##?o.o....#.###.#####.#
......))###o#.##.###.# #.#
###.##### #@#.##.##..# #.#
#.#.##.##.## #.#
#.#.##.##.######.#
#.#..............(
#............###..
######.##.###.##..
#...........#.#..
#######..##.##..>###...
.......†.##.....## ##..


You could see 2 orcs.

Vanquished Creatures
  An adder (D:2)
  3 orcs (D:2)
  4 ball pythons (D:1)
  2 endoplasms
  A giant cockroach (D:1)
  A hobgoblin (D:1)
  2 quokkas (D:1)
  A bat (D:2)
  3 frilled lizards (D:1)
  A kobold (D:1)
  4 rats
23 creatures vanquished.

Notes
Turn   | Place    | Note
-------+----------+-------------------------------------------
     0 | D:1      | crazypyro the Hill Orc Berserker began the quest for the
                  | Orb.
     0 | D:1      | Reached XP level 1. HP: 19/19 MP: 1/1
   319 | D:1      | Reached XP level 2. HP: 23/27 MP: 2/2
   723 | D:1      | Found Nopuchoa's Weapon Shop.
  1373 | D:2      | Reached skill level 5 in Axes
  1373 | D:2      | Reached XP level 3. HP: 16/33 MP: 3/3
  1385 | D:2      | HP: 1/33 [adder (3)]
  1389 | D:2      | Succumbed to an adder's poison

Illustrated notes

Levels and vault maps discovered:
D:1:      dpeg_arrival_windows_large_door, layout_basic, serial_shops,
          nicolae_diamond_shop
D:2:      layout_loops_ring

Skill      XL: |  1  2 |
---------------+-------+-----
Dodging        | 2 |  2.1
Axes           | 5 |  5.2
Fighting       | |  3.6
Armour         | |  2.2

Action                   || total
-------------------------++-------
Melee: Hand axe          ||    73
Invok: Berserk           ||     1
 Stab: Sleeping          ||     2
Armor: Animal skin       ||    10
Dodge: Dodged            ||    49
